 Dungeon Crawl Stone Soup version 0.27.1-34-g3ba077fa99 (webtiles) character file.

Game seed: 11259711359868549662

117674 DildoBatman the Peltast (level 17, -21/128 HPs)
             Began as a Formicid Conjurer on Jan 14, 2022.
             Was an Initiate of Gozag.
             Killed from afar by Nikola (82 damage)
             ... with an arc of chain lightning
             ... on level 1 of the Snake Pit.
             The game lasted 01:51:30 (25702 turns).

DildoBatman the Peltast (Formicid Conjurer)        Turns: 25702, Time: 01:51:31

Health: -21/128    AC: 15    Str: 15    XL:     17   Next: 29%
Magic:  16/31      EV: 19    Int: 19    God:    Gozag
Gold:   4869       SH: 21    Dex: 17    Spells: 16/36 levels left

rFire    . . .     SeeInvis +   E - staff of air
rCold    + + .     Faith    .   U - +2 tower shield {rC+}
rNeg     . . .     Spirit   .   o - +3 troll leather armour
rPois    .         Reflect  .   (helmet unavailable)
rElec    +         Harm     +   j - scarf {repulsion}
rCorr    .         Rampage  .   D - +0 pair of gloves
Will     +....                  J - +0 pair of boots of Xom's Righteous Fury {Harm Fly Str-2 Slay+3}
Stlth    ++........             r - amulet "Pomogree" {Regen+ Str+4}
HPRegen  2.31/turn              q - ring "Rucodede" {rC+ EV+4 Dex+3}
MPRegen  0.22/turn              X - +4 ring of protection

@: gold aura, flying, repel missiles
A: permanent stasis, dig shafts and tunnels, antennae 3, four strong arms
a: Dig, Shaft Self, Renounce Religion, Potion Petition, Call Merchant, Bribe
Branch


You were on level 1 of the Snake Pit.
You worshipped Gozag.
Gozag was most pleased with you.
You visited 5 branches of the dungeon, and saw 25 of its levels.
You also visited: Trove, Gauntlet and Ice Cave.

You collected 7441 gold pieces.
You spent 2241 gold pieces at shops.
You paid 331 gold pieces to Gozag.

Inventory:

Hand Weapons
 a - the +11 quarterstaff "Ceosm" {flame, SInv}
   (You found it in a Gauntlet)

   It burns those it strikes, dealing additional fire damage.
   SInv:      It lets you see invisible.
 b - the +8 whip "Snakebite" {venom, curare, rPois}
   (You found it on level 5 of the Lair of Beasts)

   It poisons the flesh of those it strikes.
   It occasionally inflicts asphyxiating poison on those it strikes, dealing
   poison damage and causing slowness.
   rPois:     It protects you from poison.
Missiles
 A - 318 arrows
 H - 176 bolts
 I - 139 sling bullets
 T - 3 throwing nets
Armour
 j - a scarf of repulsion (worn)
 o - a +3 troll leather armour (worn)
 D - a +0 pair of gloves (worn)
 J - the +0 pair of boots of Xom's Righteous Fury (worn) {Harm Fly Str-2 Slay+3}
   (You found it in a Gauntlet)

   Str:       It affects your strength (-2).
   Slay:      It affects your accuracy & damage with ranged weapons and melee
   (+3).
   Fly:       It grants you flight.
   Harm:      It increases damage dealt and taken.
 U - a +2 tower shield of cold resistance (worn)
Magical Staves
 E - a staff of air (weapon)
 P - a staff of death
Jewellery
 g - an amulet of reflection
 k - a +6 ring of intelligence
 q - the ring "Rucodede" (left hand) {rC+ EV+4 Dex+3}
   (You found it in a Gauntlet)

   [ring of evasion]

   EV:        It affects your evasion (+4).
   Dex:       It affects your dexterity (+3).
   rC:        It protects you from cold.
 r - the amulet "Pomogree" (around neck) {Regen+ Str+4}
   (You found it on level 1 of the Lair of Beasts)

   [amulet of regeneration]

   Str:       It affects your strength (+4).
   Regen:     It increases your rate of health regeneration.
 K - a ring of willpower
 L - a ring of willpower
 S - a ring of protection from fire
 X - a +4 ring of protection (right hand)
Wands
 v - a wand of iceblast (7)
 y - a wand of acid (25)
Scrolls
 c - 4 scrolls of immolation
 i - a scroll of torment
 l - 2 scrolls of holy word
 s - 4 scrolls of amnesia
 t - 4 scrolls of enchant weapon
 z - a scroll of identify
 C - 4 scrolls of magic mapping
 M - 4 scrolls of fear
 Q - a scroll of fog
Potions
 d - 7 potions of curing
 f - 2 potions of might
 h - 2 potions of magic
 n - 9 potions of heal wounds
 p - a potion of haste {unknown}
 x - 4 potions of invisibility
 B - a potion of cancellation
 F - 2 potions of mutation {unknown}
 G - 2 potions of resistance
 Y - 6 potions of brilliance
 Z - a potion of ambrosia {unknown}
Miscellaneous
 m - a condenser vane
 w - a phantom mirror


   Skills:
 - Level 10.0 Fighting
 - Level 4.0 Short Blades
 - Level 10.0 Armour
 - Level 7.0 Dodging
 - Level 2.4 Stealth
 - Level 15.0 Shields
 - Level 10.0 Spellcasting
 - Level 6.0 Conjurations
 - Level 12.0 Necromancy
 - Level 6.0 Air Magic
 * Level 14.7 Earth Magic
 - Level 6.0 Poison Magic


You had 16 spell levels left.
You knew the following spells:

 Your Spells              Type           Power      Damage    Failure   Level
a - Borgnjor's Vile Clut  Necr/Erth      28%        N/A       1%          5
b - Searing Ray           Conj           64%        3d5       1%          2
c - Magic Dart            Conj           100%       1d8       1%          1
d - Vampiric Draining     Necr           26%        2d9       1%          3
e - Mephitic Cloud        Conj/Pois/Air  48%        N/A       2%          3
h - Dispel Undead         Necr           53%        3d19      1%          4
z - Sublimation of Blood  Necr           26%        N/A       1%          2

Your spell library contained the following spells:

 Spells                   Type           Power      Damage    Failure   Level
 Pain                     Necr           100%       1d9       1%          1
 Shock                    Conj/Air       100%       1d9       1%          1
 Corpse Rot               Necr/Air       N/A        N/A       1%          2
 Passwall                 Tmut/Erth      30%        N/A       1%          2
 Animate Dead             Necr           26%        N/A       1%          4
 Agony                    Necr           53%        N/A       1%          5
 Excruciating Wounds      Necr           26%        N/A       1%          5
 Foxfire                  Conj/Fire      80%        2x1d8     2%          1
 Leda's Liquefaction      Hex/Erth       18%        N/A       4%          4
 Petrify                  Tmut/Erth      37%        N/A       4%          4
 Dazzling Flash           Conj/Hex       40%        N/A       8%          3
 Airstrike                Air            24%        N/A       8%          4
 Corona                   Hex            10%        N/A       9%          1
 Death Channel            Necr           26%        N/A       10%         6
 Ignite Poison            Fire/Tmut/Pois 17%        N/A       12%         3
 Ensorcelled Hibernation  Hex/Ice        18%        N/A       13%         2
 Bolt of Magma            Conj/Fire/Erth 17%        4d9       14%         5
 Iron Shot                Conj/Erth      24%        9d5       19%         6
 Iskenderun's Battlesphe  Conj           32%        2d8       21%         5
 Call Canine Familiar     Summ           9%         N/A       26%         3
 Gell's Gravitas          Tloc           4%         N/A       26%         3
 Portal Projectile        Hex/Tloc       18%        N/A       26%         3
 Teleport Other           Tloc           9%         N/A       26%         3
 Tukima's Dance           Hex            9%         N/A       26%         3
 Fulminant Prism          Conj/Hex       10%        3d9       26%         4
 Iskenderun's Mystic Bla  Conj/Tloc      20%        2d6       26%         4
 Freezing Cloud           Conj/Ice/Air   18%        6-21      43%         5
 Statue Form              Tmut/Erth      24%        N/A       54%         6
 Alistair's Intoxication  Tmut/Pois      13%        N/A       56%         5
 Fireball                 Conj/Fire      10%        3d6       56%         5
 Irradiate                Conj/Tmut      10%        3d16      56%         5
 Passage of Golubria      Tloc           N/A        N/A       65%         4
 Blade Hands              Tmut           4%         N/A       94%         5
 Manifold Assault         Tloc           9%         N/A       94%         5
 Metabolic Englaciation   Hex/Ice        4%         N/A       94%         5
 Summon Forest            Summ/Tloc      4%         N/A       94%         5
 Eringya's Noxious Bog    Tmut/Pois      10%        N/A       98%         6
 Orb of Destruction       Conj           16%        9d7       99%         7
 Borgnjor's Revivificati  Necr           26%        N/A       99%         8
 Invisibility             Hex            4%         N/A       100%        6
 Dragon Form              Tmut           4%         N/A       100%        7
 Malign Gateway           Summ/Tloc      4%         N/A       100%        7
 Spellforged Servitor     Conj/Summ      10%        N/A       100%        7
 Storm Form               Tmut/Air       15%        N/A       100%        7
 Summon Hydra             Summ           4%         N/A       100%        7
 Ignition                 Fire           4%         3d4       100%        8
 Necromutation            Tmut/Necr      16%        N/A       100%        8
 Death's Door             Necr           26%        N/A       100%        9
 Swiftness                Air            Unusable   N/A       N/A         3
 Blink                    Tloc           Unusable   N/A       N/A         2

Dungeon Overview and Level Annotations

Branches:
Dungeon (15/15)            Temple (1/1) D:6            Lair (6/6) D:8
 Shoals (0/4) Lair:4        Snake (1/4) Lair:4        Slime (0/5) Lair:5
    Orc (2/2) D:12            Elf (0/3) Orc:2        Vaults (0/5) D:13
 Depths (0/5) D:15          IceCv (visited)         Gauntlet (visited)

Altars:
Ashenzari
Cheibriados
Dithmenos
Elyvilon
Fedhas
Gozag
Hepliaklqana
Kikubaaqudgha
Makhleb
Nemelex Xobeh
Okawaru
Qazlal
Ru
Sif Muna
Trog
Uskayaw
Vehumet
Wu Jian
Xom
Yredelemnul
Zin
The Shining One
Jiyva

Shops:
D:4 *   D:13 (:!!   Orc:2 (*=*   Snake:1 (

Portals:
Pandemonium: Orc:2

Annotations:
Snake:1 Nikola


Innate Abilities, Weirdness & Mutations

You cannot be hasted, slowed, berserked, paralysed or teleported.
You can dig through walls and to a lower floor.
You have a pair of large antennae on your head. (SInv)
Your four strong arms can wield two-handed weapons with a shield.


Message History

Nikola is no longer distracted by gold.
The zombie hands release their grip on Nikola.
Your magical contamination has completely faded away.
Nikola mumbles some strange words.
Nikola blinks!
Casting: Borgnjor's Vile Clutch (mildly dangerous; 1% risk of failure)
Confirm with . or Enter, or press ? or * to list all spells.
Aiming: Borgnjor's Vile Clutch (mildly dangerous; 1% risk of failure)
Press: ? - help, Shift-Dir - straight line, f/p - Nikola
Aim: Nikola, wielding a +1 rapier of electrocution, wearing a +0 cloak and wearing a +0 pair of gloves (heavily wounded, 100% to hit)
Zombie hands grab Nikola.
The zombie hands constrict Nikola!
You block Nikola's attack.
You hit Nikola.
Nikola is heavily wounded.
The zombie hands constrict Nikola!
You block Nikola's attack.
Nikola casts a spell.
Lightning arcs from Nikola's hands!
The bolt of lightning hits you!!! You resist.
Ouch! That really hurt!
A bolt of lightning appears from out of thin air!
The bolt of lightning hits Nikola!
You hear a shout! x2
Casting: Borgnjor's Vile Clutch (mildly dangerous; 1% risk of failure)
Confirm with . or Enter, or press ? or * to list all spells.
Aiming: Vampiric Draining (safe; 1% risk of failure)
Press: ? - help, Shift-Dir - straight line, f/p - Nikola
Aim: Nikola, wielding a +1 rapier of electrocution, wearing a +0 cloak and wearing a +0 pair of gloves (severely wounded, constricted by zombie hands)
You draw life force from Nikola.
You feel life coursing into your body.
The zombie hands constrict Nikola!
Nikola gestures wildly while chanting.
Lightning arcs from Nikola's hands!
The bolt of lightning hits you!!! You resist.
Ouch! That really hurt!
You die...
Your body crumbles into a pile of gold.

....<....#####.#####...# {
.................##....##
#....####...............#.
#....# ###.....)..........ยง
#....## ###...............
#.....### ##......N.......
........### #..............
..####....#####.......#.....
### ###....##..@....###...#
###.......@..## ..#
###.......## #### ##......#
###..###### #.....##
..........####...##
.................#
.####...........## ##
#........####


You could see Nikola (clutched) and a naga warrior.

Vanquished Creatures
  Agnes (Snake:1)
  Kirke (Lair:6)
  Aizul (Snake:1)
  A reaper (IceCv)
  Azrael (Orc:2)
  A minotaur (Gauntlet)
  2 dire elephants
  Josephine (Lair:5)
  The ghost of Ypehuijo the Spear-Bearer, a journeyman OpFi of Gozag (Lair:5)
  2 boulder beetles
  8 vault guards (D:13)
  Harold (D:7)
  5 hydras
  A hell beast (Gauntlet)
  An anaconda (Snake:1)
  5 catoblepae
  2 naga warriors (Snake:1)
  The ghost of hitsuchi the Cleaver, a journeyman PaAK of Lugonu (D:8)
  9 death yaks
  4 centaur warriors
  A two-headed ogre (D:12)
  A tengu warrior (D:13)
  2 naga sharpshooters (Snake:1)
  A shock serpent (Snake:1)
  7 orc high priests (Orc:2)
  A sun demon (Orc:2)
  Sonja (D:11)
  A salamander mystic (Snake:1)
  A gelid demonspawn (Orc:2)
  A torturous demonspawn (Orc:2)
  An infernal demonspawn (Orc:2)
  Pikel (D:7)
  A wizard (D:13)
  2 naga ritualists (Snake:1)
  7 orc knights
  A mana viper (Snake:1)
  5 orc sorcerers (Orc:2)
  A deep elf pyromancer (D:14)
  5 oklob plants
  7 manticores
  2 cyclopes
  2 large abominations (Gauntlet)
  6 ugly things
  A salamander (D:15)
  3 elephants
  16 black mambas
  Maggie (D:6)
  Joseph (D:7)
  A smoke demon (Orc:2)
  2 ice statues (IceCv)
  6 naga magi (Snake:1)
  3 gargoyles
  2 minotaur zombies (Gauntlet)
  9 cane toads
  2 unseen horrors
  5 komodo dragons
  2 freezing wraiths
  An entropy weaver simulacrum (IceCv)
  2 hellwings (Orc:2)
  9 ice devils
  A guardian mummy (D:12)
  A hydra zombie (Lair:4)
  8 trolls
  2 polar bears (Lair:2)
  A boulder beetle zombie (Lair:4)
  11 blink frogs
  4 hydra skeletons
  11 dream sheep
  4 slime creatures
  Sigmund (D:2)
  2 shadows
  A centaur simulacrum (D:14)
  A vampire (D:14)
  5 wraiths
  A ynoxinul (Orc:2)
  3 wyverns
  73 yaks
  2 black mamba skeletons
  4 basilisks
  3 fire elementals (Orc:1)
  5 hogs (Lair:6)
  2 vampire mosquitoes (D:10)
  2 death yak simulacra (IceCv)
  A neqoxec (Orc:2)
  9 nagas
  2 acid dragons
  4 wargs
  18 water moccasins
  2 hell hounds (Orc:1)
  A cane toad zombie (Lair:4)
  38 orc warriors
  A blink frog zombie (Lair:4)
  3 black bears
  8 ogres
  9 wolves
  7 centaurs
  A dream sheep skeleton (Lair:4)
  3 orc skeletons
  6 small abominations (Gauntlet)
  2 rime drake zombies
  4 lemures (D:7)
  12 bullfrogs
  2 kobold brigands
  A komodo dragon skeleton (Lair:1)
  A rime drake skeleton (Lair:4)
  2 scorpions
  A cane toad simulacrum (IceCv)
  4 two-headed ogre simulacra (IceCv)
  3 water moccasin zombies
  A wyvern skeleton (D:7)
  2 water moccasin skeletons (Lair:1)
  4 warg zombies (Orc:2)
  A yak zombie (IceCv)
  4 killer bees (D:9)
  A warg skeleton (Orc:1)
  A troll skeleton (Orc:1)
  5 howler monkeys
  A wolf skeleton (Lair:4)
  8 centaur zombies
  A bullfrog zombie (D:6)
  27 orc priests
  2 hounds
  A jelly (D:4)
  A bullfrog skeleton (D:6)
  3 centaur skeletons
  A basilisk skeleton (Lair:4)
  26 orc wizards
  3 polar bear simulacra (IceCv)
  A troll simulacrum (IceCv)
  A spriggan simulacrum (IceCv)
  A wolf simulacrum (IceCv)
  3 ogre zombies
  2 ogre skeletons
  A hound skeleton (D:4)
  2 howler monkey zombies
  Robin (D:4)
  11 adders
  A howler monkey skeleton (D:4)
  6 orc zombies
  11 gnolls
  4 naga simulacra (IceCv)
  A river rat (D:8)
  2 shadow imps (D:6)
  2 white imps (IceCv)
  An ufetubus (D:5)
  An adder zombie (D:5)
  An adder skeleton (D:4)
  3 dart slugs
  86 orcs
  8 endoplasms
  4 giant cockroaches
  22 goblins
  14 hobgoblins
  18 kobolds
  5 quokkas
  7 ball pythons
  3 bats
  8 frilled lizards
  7 rats
  A spectral orc (D:15)
798 creatures vanquished.

Vanquished Creatures (others)
  3 nagas (Snake:1)
  An orc warrior (Orc:1)
  An orc priest (Orc:1)
  An ufetubus (IceCv)
  An orc (Orc:1)
  A bush (Lair:6)
  31 fungi
  53 plants
  2 withered plants (D:8)
94 creatures vanquished.

Grand Total: 892 creatures vanquished

Notes
Turn   | Place    | Note
-------+----------+-------------------------------------------
     0 | D:1      | DildoBatman the Formicid Conjurer began the quest for the
                  | Orb.
     0 | D:1      | Reached XP level 1. HP: 13/13 MP: 3/3
   356 | D:1      | Reached XP level 2. HP: 19/19 MP: 1/5
   359 | D:1      | Learned a level 2 spell: Searing Ray
   489 | D:1      | Found a faded altar of an unknown god.
   499 | D:1      | Became a worshipper of Ru the Awakened
   617 | D:1      | Fell from the grace of Ru
   870 | D:1      | Reached XP level 3. HP: 23/24 MP: 3/6
  1318 | D:2      | Noticed Sigmund
  1601 | D:2      | Reached XP level 4. HP: 30/30 MP: 4/7
  1904 | D:2      | Reached skill level 5 in Conjurations
  2230 | D:3      | Reached XP level 5. HP: 35/35 MP: 4/8
  2400 | D:3      | Found a hide-covered altar of Uskayaw.
  2841 | D:4      | Noticed Robin
  2859 | D:4      | Killed Robin
  2993 | D:4      | Reached skill level 1 in Fighting
  2993 | D:4      | Reached skill level 1 in Armour
  3054 | D:4      | Found Zin's Purification Station.
  3055 | D:4      | Found a glowing silver altar of Zin.
  3073 | D:4      | Noticed an orc warrior
  3115 | D:4      | Reached XP level 6. HP: 28/43 MP: 5/9
  3350 | D:4      | Identified the +1 robe of Qeobaf {Dex+2 Slay+5}
  3420 | D:4      | You fall into a shaft and drop 2 floors!
  3755 | D:6      | Reached XP level 7. HP: 46/50 MP: 6/12
  3916 | D:6      | Found a staircase to the Ecumenical Temple.
  3925 | Temple   | Entered the Ecumenical Temple
  4096 | Temple   | Became a worshipper of Kikubaaqudgha
  4124 | D:6      | Noticed a shadow
  4139 | D:6      | Killed a shadow
  4140 | D:6      | Reached skill level 5 in Spellcasting
  4237 | D:5      | Entered Level 5 of the Dungeon
  4468 | D:5      | Reached XP level 8. HP: 36/56 MP: 4/17
  4766 | D:4      | Reached skill level 1 in Shields
  4814 | D:4      | Reached skill level 2 in Shields
  4890 | D:4      | Reached * piety under Kikubaaqudgha
  4890 | D:4      | Received a gift from Kikubaaqudgha
  4892 | D:4      | Reached skill level 3 in Shields
  4945 | D:4      | Reached skill level 4 in Shields
  4994 | D:4      | Learned a level 3 spell: Mephitic Cloud
  4997 | D:4      | Learned a level 2 spell: Sublimation of Blood
  5001 | D:4      | Learned a level 3 spell: Vampiric Draining
  5187 | D:2      | Killed Sigmund
  5188 | D:2      | Reached skill level 6 in Shields
  5391 | D:2      | Reached XP level 9. HP: 61/61 MP: 15/19
  6015 | D:6      | Reached skill level 7 in Shields
  6182 | D:6      | Noticed Maggie
  6207 | D:6      | Killed Maggie
  6208 | D:6      | Reached skill level 8 in Shields
  6433 | D:6      | Reached skill level 9 in Shields
  6580 | D:7      | Noticed Joseph
  6733 | D:7      | Reached ** piety under Kikubaaqudgha
  7111 | D:8      | Reached skill level 1 in Poison Magic
  7111 | D:8      | Reached XP level 10. HP: 71/72 MP: 16/20
  7115 | D:8      | Reached skill level 1 in Air Magic
  7126 | D:8      | Reached skill level 5 in Fighting
  7126 | D:8      | Reached skill level 5 in Armour
  7180 | D:8      | Found a blossoming altar of Fedhas.
  7233 | D:8      | Reached skill level 1 in Short Blades
  7236 | D:8      | Reached skill level 5 in Poison Magic
  7327 | D:8      | Found a runed translucent door.
  7329 | D:8      | Noticed hitsuchi's ghost (journeyman PaAK)
  7392 | D:8      | Found a sparkling altar of Nemelex Xobeh.
  7443 | D:8      | Noticed a death yak
  7473 | D:8      | Noticed a death yak
  7473 | D:8      | Noticed a death yak
  7538 | D:8      | Killed a death yak
  7608 | D:8      | Found a staircase to the Lair.
  7648 | D:8      | Killed a death yak
  7649 | D:8      | Reached XP level 11. HP: 33/79 MP: 2/21
  7716 | D:8      | Reached skill level 1 in Necromancy
  7873 | D:8      | Found an ornate altar of the Wu Jian Council.
  7873 | D:8      | Found a shimmering blue altar of Sif Muna.
  7962 | D:8      | Found a sacrificial altar of Ru.
  8105 | D:8      | Killed a death yak
  8286 | D:9      | Reached *** piety under Kikubaaqudgha
  8286 | D:9      | Received a gift from Kikubaaqudgha
  8293 | D:9      | Learned a level 4 spell: Dispel Undead
  8398 | D:9      | Reached skill level 5 in Air Magic
  8695 | D:7      | Noticed Pikel
  8714 | D:7      | Killed Pikel
  8878 | D:7      | Noticed Harold
  8926 | D:7      | Killed Harold
  8927 | D:7      | Reached skill level 5 in Necromancy
  9166 | D:7      | Killed Joseph
  9218 | D:10     | Entered Level 10 of the Dungeon
  9308 | D:10     | Reached **** piety under Kikubaaqudgha
  9602 | D:10     | Noticed a centaur warrior
  9615 | D:10     | Killed a centaur warrior
  9616 | D:10     | Reached XP level 12. HP: 59/86 MP: 14/22
  9647 | D:10     | Found a faded altar of an unknown god.
  9730 | D:10     | Found a hazy altar of Hepliaklqana.
 10048 | D:11     | Noticed Sonja
 10052 | D:11     | Killed Sonja
 10770 | D:12     | Reached skill level 5 in Dodging
 10793 | D:12     | Fell from the grace of Kikubaaqudgha
 10944 | Temple   | Became a worshipper of Gozag Ym Sagoz the Greedy
 10989 | D:9      | You fall into a shaft and drop 3 floors!
 11085 | D:12     | Found a portal to a secret trove of treasure.
 11162 | Trove    | Entered a treasure trove
 11173 | Trove    | Got Sif Muna's Papyrus of the Compass and the Arsonist
 11194 | Trove    | Got the Reference Book on Attacks
 11230 | Trove    | Got the Catalogue of Combat Magic
 11288 | D:12     | Learned a level 5 spell: Borgnjor's Vile Clutch
 11467 | D:12     | Reached skill level 1 in Earth Magic
 11506 | D:12     | Noticed a two-headed ogre
 11531 | D:12     | Killed a two-headed ogre
 11629 | D:12     | Reached XP level 13. HP: 96/96 MP: 14/23
 11636 | D:12     | Found a staircase to the Orcish Mines.
 11882 | Orc:1    | Entered Level 1 of the Orcish Mines
 12468 | Orc:2    | Entered Level 2 of the Orcish Mines
 12492 | Orc:2    | Noticed Azrael
 12500 | Orc:1    | Reached skill level 5 in Earth Magic
 12837 | Orc:2    | Found a staircase to the Elven Halls.
 13366 | Orc:2    | Found Ytiuczyf's General Store.
 13378 | Orc:2    | Found Nyvyog's General Store.
 13555 | Lair:1   | Entered Level 1 of the Lair of Beasts
 13566 | Lair:1   | Found a gate leading to a gauntlet.
 13597 | Lair:1   | Found a glowing silver altar of Zin.
 13676 | Gauntlet | Entered a Gauntlet
 13676 | Gauntlet | Found a transporter.
 13676 | Gauntlet | Found a transporter.
 13676 | Gauntlet | Found a runed translucent door.
 13676 | Gauntlet | Found a runed translucent door.
 13682 | Gauntlet | Found a transporter.
 13699 | Gauntlet | Found a transporter.
 13711 | Gauntlet | Noticed a hell beast
 13712 | Gauntlet | Found a transporter.
 13712 | Gauntlet | Found a transporter.
 13712 | Gauntlet | Found a transporter.
 13714 | Gauntlet | Found a transporter.
 13714 | Gauntlet | Found a transporter.
 13727 | Gauntlet | Found a transporter.
 13739 | Gauntlet | Noticed a dire elephant
 13742 | Gauntlet | Found a transporter.
 13752 | Gauntlet | Found a transporter.
 13753 | Gauntlet | Noticed a hell beast
 13757 | Gauntlet | Found a transporter.
 13791 | Gauntlet | Found a transporter.
 13944 | Gauntlet | Killed a hell beast
 13954 | Gauntlet | Identified the +11 quarterstaff "Ceosm" {flame, SInv}
 13955 | Gauntlet | Identified the ring "Rucodede" {rC+ EV+4 Dex+3}
 14046 | Gauntlet | Killed a dire elephant
 14066 | Gauntlet | Identified the +0 pair of boots of Xom's Righteous Fury
                  | {Harm Fly Str-2 Slay+3}
 14085 | Gauntlet | Noticed a minotaur
 14111 | Gauntlet | Killed a minotaur
 14122 | Gauntlet | Identified the +1 scale mail "Mourof" {rF- Str+10 Dex-4}
 14436 | Lair:1   | Identified the amulet "Pomogree" {Regen+ Str+4}
 14567 | Lair:1   | Reached XP level 14. HP: 106/106 MP: 18/24
 15179 | Lair:2   | You are sucked into a shaft and drop 2 floors!
 15193 | Lair:4   | Found a staircase to the Shoals.
 15251 | Lair:4   | Found a frozen archway.
 15313 | IceCv    | Entered an ice cave
 15383 | IceCv    | Reached skill level 10 in Armour
 15396 | IceCv    | Reached skill level 10 in Fighting
 15544 | IceCv    | Noticed a reaper
 15550 | IceCv    | Killed a reaper
 15902 | Lair:4   | Reached skill level 10 in Shields
 16146 | Lair:4   | Found a staircase to the Snake Pit.
 16542 | Lair:4   | Was forgiven by Kikubaaqudgha
 16778 | Lair:3   | Reached skill level 11 in Shields
 18256 | D:8      | Killed hitsuchi's ghost
 18463 | Orc:2    | Killed Azrael
 18464 | Orc:2    | Reached skill level 12 in Shields
 18615 | Orc:2    | Reached XP level 15. HP: 106/115 MP: 11/26
 18802 | Orc:2    | Found a shimmering blue altar of Sif Muna.
 18945 | Orc:2    | Reached skill level 13 in Shields
 19063 | Orc:2    | Reached skill level 14 in Shields
 19140 | Orc:2    | Found Zest's Jewellery Shoppe.
 19140 | Orc:2    | Found Ucimpies's Antique Weapon Emporium.
 19141 | Orc:2    | Found a one-way gate leading to the halls of Pandemonium.
 19267 | Orc:2    | Bought a scroll of identify for 26 gold pieces
 19267 | Orc:2    | Bought a scroll of enchant armour for 97 gold pieces
 19267 | Orc:2    | Bought a scroll of acquirement for 676 gold pieces
 19267 | Orc:2    | Bought a scroll of immolation for 45 gold pieces
 19269 | Orc:2    | Bought 2 scrolls of identify for 56 gold pieces
 19269 | Orc:2    | Bought a wand of acid (8) for 336 gold pieces
 19269 | Orc:2    | Bought a scroll of identify for 28 gold pieces
 20167 | Lair:5   | Noticed Josephine
 20173 | Lair:5   | Killed Josephine
 20179 | Lair:5   | Reached skill level 15 in Shields
 20270 | Lair:5   | Noticed Ypehuijo's ghost (journeyman OpFi)
 20280 | Lair:5   | Found a transporter.
 20298 | Lair:5   | Found a transporter.
 20306 | Lair:5   | Found a viscous altar of Jiyva.
 20306 | Lair:5   | Found a staircase to the Slime Pits.
 20732 | Lair:5   | Found the +8 whip "Snakebite" {venom, curare, rPois}
 21064 | Lair:5   | Killed Ypehuijo's ghost
 21112 | Lair:6   | Entered Level 6 of the Lair of Beasts
 21186 | Lair:6   | Reached skill level 10 in Earth Magic
 21421 | Lair:6   | Reached skill level 10 in Necromancy
 21496 | Lair:6   | Reached XP level 16. HP: 91/122 MP: 3/28
 21813 | Lair:6   | Noticed Kirke
 21842 | Lair:6   | Killed Kirke
 22565 | D:13     | Found a gate to the Vaults.
 22779 | D:13     | Found Cifufyv's Distillery.
 22782 | D:13     | Bought a potion of heal wounds for 95 gold pieces
 22782 | D:13     | Bought a potion of curing for 57 gold pieces
 22782 | D:13     | Bought a potion of cancellation for 152 gold pieces
 22782 | D:13     | Bought 2 potions of brilliance for 152 gold pieces
 22782 | D:13     | Bought a potion of brilliance for 76 gold pieces
 22782 | D:13     | Bought a potion of heal wounds for 95 gold pieces
 22916 | D:13     | Found Xepnekhli's Weapon Boutique.
 22951 | D:13     | Found Qukhlang's Book Emporium.
 22998 | D:13     | Found Wubbewer's Distillery.
 23003 | D:13     | Bought a potion of magic for 112 gold pieces
 23003 | D:13     | Bought a potion of invisibility for 112 gold pieces
 23003 | D:13     | Bought a potion of brilliance for 56 gold pieces
 23003 | D:13     | Bought a potion of brilliance for 56 gold pieces
 23003 | D:13     | Bought a potion of degeneration for 14 gold pieces
 23149 | D:14     | Reached skill level 10 in Spellcasting
 23235 | D:14     | Found a radiant altar of Vehumet.
 23539 | D:14     | Identified the +1 hand axe of Governance {protect, Str+3}
 23821 | D:15     | Entered Level 15 of the Dungeon
 24133 | D:15     | Found a staircase to the Depths.
 24576 | D:15     | Found a blossoming altar of Fedhas.
 24675 | D:15     | Found a basalt altar of Yredelemnul.
 25038 | Snake:1  | Entered Level 1 of the Snake Pit
 25098 | Snake:1  | Noticed Aizul
 25112 | Snake:1  | Killed Aizul
 25113 | Snake:1  | Reached XP level 17. HP: 112/128 MP: 17/31
 25479 | Snake:1  | Noticed Agnes
 25497 | Snake:1  | Killed Agnes
 25576 | Snake:1  | Found Xiropoh's Antique Weapon Emporium.
 25683 | Snake:1  | Noticed Nikola
 25702 | Snake:1  | Killed from afar by Nikola

Illustrated notes

Levels and vault maps discovered:
D:1:      lightli_arrival_lavapool, layout_loops_corners,
          chequers_ecumenical_altar_island, item_on_display_a
D:2:      minmay_razor_zed, layout_basic, chequers_mini_garden,
          minmay_misc_feat_tower, serial_bayou_crossing, uniq_sigmund
D:3:      layout_rooms, mainiacjoe_overflow_catwalk, kennysheep_generic_room_4
D:4:      layout_cave_pools, zin_purify, uniq_robin
D:5:      layout_basic
D:6:      minmay_diamond_boxcup, layout_loops_ring,
          minmay_temple_entry_statues_fountains, uniq_maggie
D:7:      layout_basic, uniq_pikel, uniq_harold, uniq_joseph
D:8:      layout_rooms, gammafunk_temple_overflow_claw, lemuel_round_altar,
          nemelex_spade_bored_becter, dpeg_lair_monsters, gammafunk_ghost_grave
D:9:      layout_roguey
D:10:     layout_gridville, beargit_hepliaklqana_dungeon_heroes
D:11:     layout_basic, minmay_door_square, uniq_sonja
D:12:     layout_irregular_city, david_orc_4, nicolae_trove_entry_path_of_doom,
          chequers_jeans
D:13:     layout_roguey, erik_vaults_2, serial_shops, shop, shop_statue,
          kennysheep_mini_moat, kennysheep_mini
D:14:     layout_loops_ring, vehumet_crystals
D:15:     hangedman_depths_entry_try_elsewhere_first, layout_cave_pods,
          fedhas_altar_fruit_tree, grunt_decor_arrowhead,
          yredelemnul_forgotten_temple_becter
Temple:   eino_narrow_crystal_temple
Lair:1:   layout_cellular_growth, gauntlet_entry_generic, basic_altar,
          lemuel_fruit_tree, minmay_lair_oklob_chamber
Lair:2:   layout_gridlike, cheibrodos_lair_lostbears
Lair:3:   layout_layer_cave, st_stairs_5
Lair:4:   layout_cave_pods, minmay_shoals_entry_centaurs,
          minmay_snake_entry_guardpost_large, portal_ice_cave_demonic_guard
Lair:5:   minmay_guarded_unrand_snakebite, layout_layer_cave, slime_altar_1,
          gammafunk_ghost_arena, uniq_josephine
Lair:6:   evilmike_catoblepas_cave, layout_loops_ring, uniq_kirke
Snake:1:  layout_onion, serial_shops, shop, uniq_nikola, uniq_aizul, uniq_agnes
Orc:1:    layout_diamond_mine
Orc:2:    pf_orc_diabolical, layout_caves, kennysheep_orc_sif_temple,
          uniq_azrael

Skill      XL: |  1  2  3  4  5  6  7  8  9 10 11 12 13 14 15 16 17 |
---------------+----------------------------------------------------+-----
Conjurations   | 4 5 6 |  6.0
Fighting       | 1 2 4 5 7 8 10 | 10.0
Armour         | 1 2 4 5 7 8 10 | 10.0
Spellcasting   | 3 6 7 8 10 | 10.0
Shields        | 6 9 12 15 | 15.0
Dodging        | 3 5 6 7 |  7.0
Poison Magic   | 1 6 |  6.0
Air Magic      | 3 6 |  6.0
Short Blades   | 4 |  4.0
Necromancy     | 7 9 10 12 | 12.0
Earth Magic    | 1 9 10 13 14 | 14.7
Stealth        | |  2.4

Action                   |  1- 3 |  4- 6 |  7- 9 | 10-12 | 13-15 | 16-18 || total
-------------------------+-------+-------+-------+-------+-------+-------++-------
Melee: Unarmed           |     4 |       |       |       |       |       ||     4
       Short sword       |     7 |     3 |       |       |       |       ||    10
       Falchion          |       |    23 |    60 |   201 |   247 |       ||   531
       Quarterstaff      |       |       |       |       |   339 |   130 ||   469
       Whip              |       |       |       |       |       |    50 ||    50
       Staff             |       |       |       |       |       |     1 ||     1
 Fire: Shortbow          |       |       |       |       |     3 |       ||     3
 Cast: Magic Dart        |    28 |    41 |    10 |     3 |     1 |       ||    83
       Searing Ray       |    11 |    22 |    46 |    72 |    17 |       ||   168
       Mephitic Cloud    |       |       |       |    17 |     2 |     2 ||    21
       Vampiric Draining |       |       |       |     8 |       |     1 ||     9
       Dispel Undead     |       |       |       |     5 |    10 |     3 ||    18
       Sublimation of Bl |       |       |       |    12 |   105 |    36 ||   153
       Borgnjor's Vile C |       |       |       |       |   228 |    92 ||   320
Invok: Renounce Religion |     1 |       |       |     1 |       |       ||     2
       Reject Sacrifices |     1 |       |       |       |       |       ||     1
 Abil: Dig               |     3 |     6 |    12 |    29 |    34 |    13 ||    97
       Shaft Self        |       |     1 |       |     1 |       |       ||     2
Evoke: Wand              |       |       |     1 |       |       |       ||     1
  Use: Scroll            |       |     2 |       |     8 |    12 |     4 ||    26
 Stab: Sleeping          |     3 |       |     1 |     1 |     3 |     1 ||     9
       Paralysed         |       |       |     6 |       |       |       ||     6
       Confused          |       |       |       |     6 |       |       ||     6
       Distracted        |       |       |       |       |     3 |       ||     3
       Petrified         |       |       |       |       |       |     1 ||     1
Armor: Robe              |     2 |     3 |    11 |       |       |       ||    16
       Animal skin       |       |     1 |       |       |       |       ||     1
       Swamp dragon scal |       |       |    10 |    33 |       |       ||    43
       Troll leather arm |       |       |       |    45 |   108 |    37 ||   190
Dodge: Dodged            |    11 |    25 |    42 |   127 |   355 |   104 ||   664
       Repelled          |       |       |       |       |     4 |     6 ||    10
Block: Other             |     1 |     6 |    15 |       |       |       ||    22
       Reflection        |       |       |     2 |     9 |     2 |       ||    13
       Kite shield       |       |       |    54 |   248 |   357 |       ||   659
       Tower shield      |       |       |       |       |   172 |   272 ||   444
       Rpst.: Falchion   |       |     3 |    15 |    30 |    26 |       ||    74
